 Dungeon Crawl Stone Soup version 0.30-a0-949-g53dc5368d7 (webtiles) character file.

Game seed: 1835476780697575352

767 Jackthecabe the Carver (level 8, -4/60 HPs)
             Began as a Formicid Warper on Mar 27, 2023.
             Was an Initiate of Qazlal.
             Slain by a gnoll
             ... wielding a +0 club
             ... led by a gnoll bouda
              (8 damage)
             ... on level 4 of the Dungeon.
             The game lasted 00:09:58 (4366 turns).

Jackthecabe the Carver (Formicid Warper)            Turns: 4366, Time: 00:10:00

Health: -4/60      AC:  5    Str: 16    XL:     8   Next: 8%
Magic:  11/11      EV: 11    Int: 16    God:    Qazlal [......]
Gold:   178        SH:  0    Dex: 15    Spells: 11/11 levels left

rFire   . . .      SeeInvis +    q - +8 rapier "Tuwkaygg" {heavy, Int+3}
rCold   . . .      Faith    .    (no shield)
rNeg    . . .      Spirit   .    D - +0 ring mail {Will+}
rPois   +          Reflect  .    (helmet unavailable)
rElec   .          Rampage  .    (no cloak)
rCorr   .                        (no gloves)
Will    +....                    (no boots)
Stlth   +                        (no amulet)
HPRegen 0.30/turn                P - ring of poison resistance
MPRegen 0.12/turn                (no ring)

@: weakened, attractive
A: permanent stasis, dig shafts and tunnels, antennae 3, four strong arms
a: Dig, Shaft Self, Renounce Religion


You were on level 4 of the Dungeon.
You worshipped Qazlal.
Qazlal was noncommittal.
You visited 2 branches of the dungeon, and saw 6 of its levels.
You also visited: Sewer.

You collected 178 gold pieces.


Innate Abilities, Weirdness & Mutations

You cannot be hasted, slowed, berserked, paralysed or teleported.
You can dig through walls and to a lower floor.
You have a pair of large antennae on your head. (SInv)
Your four strong arms can wield two-handed weapons with a shield.


   Skills:
 - Level 4.0 Fighting
 - Level 8.0 Long Blades
 - Level 1.0 Throwing
 - Level 1.1 Armour
 - Level 1.7 Dodging
 - Level 2.1 Spellcasting
 - Level 2.6 Translocations
 + Level 1.3 Invocations


You had 11 spell levels left.
You didn't know any spells.
Your spell library contained the following spells:

 Spells                   Type           Power      Damage    Failure   Level
 Lesser Beckoning         Tloc           20%        N/A       21%         2
 Freeze                   Ice            4%         1d3       36%         1
 Summon Small Mammal      Summ           4%         N/A       36%         1
 Teleport Other           Tloc           10%        N/A       36%         3
 Vhi's Electric Charge    Tloc/Air       12%        N/A       56%         3
 Call Canine Familiar     Summ           1%         N/A       75%         3
 Frozen Ramparts          Ice            2%         1d1       75%         3
 Hailstorm                Conj/Ice       1%         3d3       75%         3
 Summon Guardian Golem    Hex/Summ       1%         N/A       75%         3
 Manifold Assault         Tloc           10%        N/A       78%         4
 Ice Form                 Ice/Tmut       1%         N/A       98%         4
 Summon Ice Beast         Ice/Summ       1%         N/A       98%         4
 Blink                    Tloc           Unusable   N/A       N/A         2

Inventory:

Hand Weapons
 a - a +0 falchion
 g - a +0 flail
 q - the +8 rapier "Tuwkaygg" (weapon) {heavy, Int+3}
   (You found it on level 2 of the Dungeon)

   Int:       It affects your intelligence (+3).
Missiles
 d - 6 boomerangs of dispersal (quivered) {=f}
 y - 4 curare-tipped darts {=f}
Armour
 b - a +0 leather armour
 f - a +0 cloak
 D - a +0 ring mail of willpower (worn)
Jewellery
 P - a ring of poison resistance (left hand)
Wands
 B - a wand of mindburst (11)
Scrolls
 c - 3 scrolls of blinking
 h - 2 scrolls of vulnerability {unknown}
 j - 2 scrolls of brand weapon {unknown}
 k - 7 scrolls of teleportation {unknown}
 m - 4 scrolls of identify {unknown}
 s - a scroll of magic mapping {unknown}
 t - 4 scrolls of noise {unknown}
 v - 2 scrolls of enchant armour {unknown}
 x - a scroll of immolation {unknown}
 C - 3 scrolls of amnesia {unknown}
 E - a scroll of enchant weapon {unknown}
 F - a scroll of butterflies {unknown}
Potions
 e - a potion of lignification {unknown}
 i - a potion of degeneration {unknown}
 l - 3 potions of haste {unknown}
 n - 3 potions of mutation {unknown}
 o - 2 potions of attraction
 p - 2 potions of heal wounds {unknown}
 r - a potion of flight {unknown}
 u - 2 potions of curing {unknown}
 w - 3 potions of invisibility
 z - a potion of cancellation {unknown}
 A - a potion of magic {unknown}

Dungeon Overview and Level Annotations

Branches:
Dungeon (5/15)             Temple (1/1) D:4           Sewer (visited)

Altars:
Ashenzari
Dithmenos
Elyvilon
Fedhas
Gozag
Kikubaaqudgha
Makhleb
Nemelex Xobeh
Qazlal
Ru
Sif Muna
Trog
Uskayaw
Vehumet
Wu Jian
Xom
Yredelemnul
Zin
The Shining One

#............####.##....# #..
##..........#### ####..##### #..
#...........##.###.#.###≈~.###..
#..#...............###≈≈~~...###
##.#..##...##..##...#≈≈≈≈~....##
#########...####..##≈≈≈≈≈~.....
##..###...###≈≈≈≈~~.....
##.....gg...##≈≈≈≈~~.....
#......J@)...#≈≈≈~.~...##
#......[.)...##≈≈≈≈...##.
##............###~≈~####.
#####..####..#########.. #...#
##..#.#....... ##.##
##........... ### ####........
##......... #..........


You could see a gnoll bouda, a jelly and a gnoll (swift).


Message History

Press: ? - help, Shift-Dir - straight line, f/p - gnoll bouda
Aim: a gnoll bouda, wielding a +0 club and wearing a +0 leather armour (moderately wounded, chance to affect: 64%)
The gnoll bouda struggles to resist.
The jelly hits you but does no damage.
The gnoll bouda hits you but does no damage.
The gnoll misses you.
Aiming: Mindburst
Press: ? - help, Shift-Dir - straight line, f/p - gnoll bouda
Aim: a gnoll bouda, wielding a +0 club and wearing a +0 leather armour (moderately wounded, chance to affect: 64%)
The gnoll bouda struggles to resist.
The jelly barely misses you.
The gnoll bouda hits you with a +0 club.
* * * LOW HITPOINT WARNING * * *
The gnoll completely misses you.
Aiming: Mindburst
Press: ? - help, Shift-Dir - straight line, f/p - gnoll bouda
Aim: a gnoll bouda, wielding a +0 club and wearing a +0 leather armour (moderately wounded, chance to affect: 64%)
The gnoll bouda struggles to resist.
The gnoll is no longer moving quickly.
The jelly barely misses you.
The gnoll bouda barks out a call to the hunt!
The gnoll picks up the pace!
The gnoll hits you with a +0 club.
* * * LOW HITPOINT WARNING * * *
Unknown command.
Okay, then.
It was a potion of attraction.
You feel attractive to monsters. The jelly misses you.
The gnoll bouda hits you with a +0 club.
* * * LOW HITPOINT WARNING * * *
The gnoll hits you with a +0 club!
You die...

Skill      XL: |  1  2  3  4  5  6  7  8 |
---------------+-------------------------+-----
Fighting       | 3 4 |  4.0
Long Blades    | 3 5 6 7 8 |  8.0
Invocations    | 1 |  1.3
Throwing       | |  1.0
Armour         | |  1.1
Dodging        | |  1.7
Spellcasting   | |  2.1
Translocations | |  2.6

Action                     |  1- 3 |  4- 6 |  7- 9 || total
---------------------------+-------+-------+-------++-------
  Melee: Falchion          |    87 |       |       ||    87
         Rapier            |       |   150 |    65 ||   215
         Punch             |       |     3 |     4 ||     7
  Throw: Boomerang         |       |     1 |       ||     1
Ability: Dig               |       |     1 |       ||     1
  Evoke: Wand              |       |       |     5 ||     5
    Use: Potion            |       |       |     1 ||     1
   Stab: Sleeping          |       |     1 |       ||     1
 Armour: Leather armour    |    30 |    36 |       ||    66
         Ring mail         |       |     7 |    34 ||    41
  Dodge: Dodged            |    70 |   115 |    72 ||   257

Levels and vault maps discovered:
D:1:      lightli_arrival_statuegarden, layout_basic, kennysheep_small_spiral,
          kennysheep_another_room, nicolae_grassy_gnolls
D:2:      layout_rooms, kennysheep_jessica_study
D:3:      minmay_wonky_spiral, layout_basic, minmay_overflow_temple_star_quad,
          portal_sewer_entry_b, chequers_ecumenical_altar_island
D:4:      layout_cave_pools, minmay_temple_entry_overgrown,
          nicolae_underground_beach
D:5:      layout_cave_pools, nicolae_ossuary_entry_false_entrances,
          serial_shops, shop, nicolae_figureground_pulse, uniq_edmund,
          uniq_blork_the_orc, uniq_duvessa
Temple:   nicolae_temple_elliptical

Notes
Turn   | Place    | Note
-------+----------+-------------------------------------------
     0 | D:1      | Jackthecabe the Formicid Warper began the quest for the
                  | Orb.
     0 | D:1      | Reached XP level 1. HP: 16/16 MP: 3/3
    92 | D:1      | Reached skill level 3 in Fighting
    92 | D:1      | Reached XP level 2. HP: 20/24 MP: 5/5
   235 | D:1      | Reached XP level 3. HP: 29/29 MP: 6/6
   815 | D:1      | Reached XP level 4. HP: 35/37 MP: 7/7
  1215 | D:2      | Identified the +8 rapier "Tuwkaygg" {heavy, Int+3}
  1256 | D:2      | Reached skill level 3 in Long Blades
  1284 | D:2      | Reached skill level 4 in Fighting
  1439 | D:2      | Noticed Jessica
  1440 | D:2      | Killed Jessica
  1441 | D:2      | Reached XP level 5. HP: 42/42 MP: 8/8
  1541 | D:2      | Reached skill level 4 in Long Blades
  1827 | D:3      | Found a glowing drain.
  1852 | Sewer    | Entered a sewer
  2015 | Sewer    | Noticed a kobold brigand
  2022 | Sewer    | Killed a kobold brigand
  2023 | Sewer    | Reached skill level 5 in Long Blades
  2023 | Sewer    | Reached XP level 6. HP: 18/48 MP: 9/9
  2394 | D:3      | Found a faded altar of an unknown god.
  2752 | D:3      | Found a sparkling altar of Nemelex Xobeh.
  2758 | D:3      | Found a blossoming altar of Fedhas.
  2761 | D:3      | Found a glowing silver altar of Zin.
  2960 | D:4      | Reached skill level 6 in Long Blades
  2990 | D:4      | Reached XP level 7. HP: 54/54 MP: 10/10
  3080 | D:4      | Found a staircase to the Ecumenical Temple.
  3092 | Temple   | Entered the Ecumenical Temple
  3244 | Temple   | Became a worshipper of Qazlal Stormbringer
  3554 | D:4      | Reached skill level 7 in Long Blades
  3899 | D:5      | Entered Level 5 of the Dungeon
  4137 | D:4      | Reached XP level 8. HP: 60/60 MP: 11/11
  4153 | D:4      | Reached skill level 8 in Long Blades
  4237 | D:5      | Reached skill level 1 in Invocations
  4366 | D:4      | HP: 4/60 [gnoll bouda/+0 club (3)]
  4366 | D:4      | Slain by a gnoll

Vanquished Creatures
  An ice beast (D:4)
  A kobold brigand (Sewer)
  2 scorpions (D:4)
  A howler monkey (D:4)
  A jelly (D:4)
  An orc priest (D:4)
  Jessica (D:2)
  3 iguanas (D:4)
  2 orc wizards
  7 adders
  4 gnolls
  A river rat (D:3)
  5 worms
  3 dart slugs
  9 orcs
  11 ball pythons
  6 endoplasms
  3 giant cockroaches
  7 hobgoblins
  2 jackals (D:1)
  4 quokkas
  5 bats
  3 frilled lizards
  5 goblins
  15 kobolds
  11 rats
114 creatures vanquished.

Vanquished Creatures (others)
  A plant (Sewer)
1 creature vanquished.

Grand Total: 115 creatures vanquished

Table legend: (Time is in decaauts)
 A = Elapsed time spent in this place.
 B = Non-inter-level travel time spent in this place.
 C = Inter-level travel time spent in this place.
 D = Time resting spent in this place.
 E = Time spent auto-exploring this place.
 F = Levels seen in this place.
 G = Mean time per level.
                   A        B        C        D        E       F      G
               +--------+--------+--------+--------+--------+-----+--------+
         Total |   4540 |   4433 |    107 |    712 |   2628 |   7 |  648.6 |
       Dungeon |   3812 |   3726 |     86 |    542 |   2328 |   5 |  762.4 |
        Temple |    174 |    153 |     21 |      0 |    125 |   1 |  174.0 |
         Sewer |    552 |    552 |      0 |    170 |    175 |   1 |  552.0 |
               +--------+--------+--------+--------+--------+-----+--------+

Top non-repeatable levels by time:
     D:4: 1238 daAuts
     D:1: 1219 daAuts
     D:3: 764 daAuts
   Sewer: 552 daAuts
     D:2: 547 daAuts
  Temple: 174 daAuts
     D:5: 42 daAuts

Table legend:
 A = Non-vault XP
 B = Vault XP
 C = Vault XP percentage of total XP
 D = Non-vault monster count
 E = Vault monster count
 F = Vault count percentage of total count
                 A         B        C        D         E       F
            +---------+---------+-------+---------+---------+-------
      Total |     890 |     206 |  18.8 |      84 |      30 |  26.3
            +---------+---------+-------+---------+---------+-------
        D:1 |      54 |      15 |  21.7 |      25 |       1 |   3.8
        D:2 |      82 |      39 |  32.2 |      18 |       2 |  10.0
        D:3 |      89 |      25 |  21.9 |      20 |       6 |  23.1
        D:4 |     650 |       0 |   0.0 |      20 |       0 |   0.0
        D:5 |      15 |       0 |   0.0 |       1 |       0 |   0.0
      Sewer |       0 |     127 | 100.0 |       0 |      21 | 100.0
            +---------+---------+-------+---------+---------+-------
